 Dungeon Crawl Stone Soup version 0.28.0 (webtiles) character file.

Game seed: 10535714013772112706

234 Host24 the Bolt Thrower (level 6, -2/37 HPs)
             Began as a Kobold Hunter on Feb 5, 2022.
             Killed by nerve-wracking pain
             ... invoked by Grinder
              (9 damage)
             ... while paralysed by Grinder
             ... on level 3 of the Dungeon.
             The game lasted 00:07:52 (4638 turns).

Host24 the Bolt Thrower (Kobold Hunter)             Turns: 4638, Time: 00:07:52

Health: -2/37      AC:  4    Str: 11    XL:     6   Next: 26%
Magic:  6/6        EV:  3    Int: 13    God:
Gold:   166        SH:  0    Dex: 15    Spells: 5/5 levels left

rFire   . . .      SeeInvis .   a - +1 hand crossbow
rCold   . . .      Faith    .   (no shield)
rNeg    . . .      Spirit   .   c - +0 leather armour
rPois   .          Reflect  .   (no helmet)
rElec   .          Harm     .   (no cloak)
rCorr   .          Rampage  .   p - +0 pair of gloves
Will    .....                   (no boots)
Stlth   +++.......              (no amulet)
HPRegen 0.12/turn               (no ring)
MPRegen 0.10/turn               (no ring)

@: paralysed
A: small, no large weapons, nightstalker 3
a: no special abilities


You were on level 3 of the Dungeon.
You visited 1 branch of the dungeon, and saw 4 of its levels.

You collected 166 gold pieces.

Inventory:

Hand Weapons
 a - a +1 hand crossbow (weapon)
 u - the +7 falchion "Kalyret" {vorpal, Int+4 Stlth+}
   (You found it on level 4 of the Dungeon)

   It inflicts extra damage upon your enemies.
   Int:       It affects your intelligence (+4).
   Stlth:     It makes you more stealthy.
Missiles
 d - 11 bolts (quivered ammo)
 h - 47 arrows
 l - 98 stones
 x - 5 poisoned darts
Armour
 c - a +0 leather armour (worn)
 p - a +0 pair of gloves (worn)
Wands
 s - a wand of polymorph (10)
Scrolls
 e - 4 scrolls of identify {unknown}
 f - 3 scrolls of teleportation {unknown}
 i - a scroll of silence {unknown}
 m - 3 scrolls of fear {unknown}
 n - a scroll of magic mapping {unknown}
 o - 2 scrolls of torment {unknown}
 r - a scroll of fog {unknown}
 t - a scroll of blinking {unknown}
 v - 3 scrolls of immolation {unknown}
Potions
 b - a potion of cancellation {unknown}
 g - a potion of ambrosia {unknown}
 j - 3 potions of heal wounds {unknown}
 k - a potion of mutation {unknown}
 q - a potion of flight {unknown}
 w - 2 potions of attraction {unknown}


   Skills:
 - Level 3.0 Fighting
 + Level 7.5 Crossbows
 - Level 4.0 Dodging
 - Level 1.3 Stealth


You had 5 spell levels left.
You didn't know any spells.
Your spell library contained the following spells:

 Spells                   Type           Power      Damage    Failure   Level
 Apportation              Tloc           0%         N/A       38%         1
 Sublimation of Blood     Necr           0%         N/A       52%         2
 Petrify                  Tmut/Erth      0%         N/A       99%         4
 Alistair's Intoxication  Tmut/Pois      0%         N/A       100%        5
 Irradiate                Conj/Tmut      0%         3d14      100%        5


Dungeon Overview and Level Annotations

Branches:
Dungeon (4/15)
 Temple: D:4-7

Altars:
Elyvilon

Annotations:
D:3 Grinder
D:4 Dowan, Duvessa


Innate Abilities, Weirdness & Mutations

You are small and have problems with some larger weapons.
You are completely attuned to the shadows.


Message History

Aim: Grinder (lightly wounded, 64% to hit)
You shoot a bolt. The bolt barely misses Grinder.
Grinder barely misses you.
Unknown command.
Fire: 15 bolts
Press: ? - help, Q - select action, (/) - cycle Shift-Dir - straight line, f/p - Grinder
Aim: Grinder (lightly wounded, 64% to hit)
You shoot a bolt. The bolt hits Grinder.
Grinder is moderately wounded.
Grinder misses you.
Fire: 14 bolts
Press: ? - help, Q - select action, (/) - cycle Shift-Dir - straight line, f/p - Grinder
Aim: Grinder (moderately wounded, 64% to hit)
You shoot a bolt.
The bolt hits Grinder but does no damage.
Grinder is moderately wounded.
Grinder gestures at you.
You barely resist.
Fire: 13 bolts
Press: ? - help, Q - select action, (/) - cycle Shift-Dir - straight line, f/p - Grinder
Aim: Grinder (moderately wounded, 64% to hit)
You shoot a bolt. The bolt barely misses Grinder.
Grinder barely misses you.
Unknown command.
Fire: 12 bolts
Press: ? - help, Q - select action, (/) - cycle Shift-Dir - straight line, f/p - Grinder
Aim: Grinder (moderately wounded, 64% to hit)
You shoot a bolt. The bolt hits Grinder.
Grinder is moderately wounded.
Grinder gestures at you.
You suddenly lose the ability to move!
Grinder says, "There's only one good use for a tongue: cutting it out."
Grinder hits you but does no damage. Grinder barely misses you.
Grinder hits you.
* * * LOW HITPOINT WARNING * * *
Grinder blinks!
Grinder gestures at you. Pain shoots through your body!
You die...

.........# #........###
#..........### #....##..#...###
######## .........###...###
#......# ...#######
###..5######......#
.♣.#############.............#
.................>..♣♣♣♣♣♣♣♣.#
#♣.#.#.#####....@..♣♣♣.P...♣.#
#...#.# #....§.......P..†.#
#..#..#####.......♣...♣.♣♣♣##
###...##...........♣♣♣♣♣♣♣♣
................(.......#.#
.......#####............#.#
......................###.#
....#..###.#...<....#.###.#
..#)#......#..<.....#..##.#####


You could see Grinder.

Vanquished Creatures
  A centaur skeleton (D:2)
  An iguana (D:4)
  Ijyb (D:3)
  10 adders
  A worm (D:2)
  3 orcs
  6 bats
  3 endoplasms
  3 giant cockroaches
  6 goblins
  4 hobgoblins
  3 jackals (D:3)
  4 quokkas
  4 ball pythons
  2 frilled lizards (D:1)
  4 kobolds
  5 rats
61 creatures vanquished.

Vanquished Creatures (others)
  A plant (D:3)
1 creature vanquished.

Grand Total: 62 creatures vanquished

Notes
Turn   | Place    | Note
-------+----------+-------------------------------------------
     0 | D:1      | Host24 the Kobold Hunter began the quest for the Orb.
     0 | D:1      | Reached XP level 1. HP: 12/12 MP: 1/1
   166 | D:1      | Reached skill level 5 in Crossbows
   620 | D:1      | Reached XP level 2. HP: 15/18 MP: 2/2
  1165 | D:2      | Reached XP level 3. HP: 20/23 MP: 3/3
  1566 | D:2      | Reached XP level 4. HP: 28/28 MP: 4/4
  2339 | D:3      | Noticed Grinder
  2341 | D:3      | Reached XP level 5. HP: 26/32 MP: 5/5
  2364 | D:2      | Reached skill level 6 in Crossbows
  2923 | D:3      | Found a faded altar of an unknown god.
  3123 | D:3      | Noticed Ijyb
  3136 | D:3      | Killed Ijyb
  3221 | D:3      | Found a white marble altar of Elyvilon.
  4216 | D:4      | Noticed Dowan
  4222 | D:4      | Identified the +7 falchion "Kalyret" {vorpal, Int+4 Stlth+}
  4232 | D:4      | Reached skill level 7 in Crossbows
  4265 | D:4      | Noticed Duvessa
  4269 | D:4      | Reached XP level 6. HP: 35/37 MP: 6/6
  4601 | D:4      | Noticed an ogre
  4623 | D:3      | Paralysed by Grinder for 4 turns
  4633 | D:3      | Paralysed by Grinder for 6 turns
  4638 | D:3      | Killed from afar by Grinder

Illustrated notes

Levels and vault maps discovered:
D:1:      dpeg_arrival_concentric_ovals, layout_basic, nrook_mini_vaults
D:2:      minmay_chambers_of_ones, layout_basic
D:3:      layout_rooms, mainiacjoe_overflow_surrounded_room, serial_forest,
          infiniplex_forest_3_way, infiniplex_forest_zigzag_1,
          infiniplex_forest_zigzag_2, infiniplex_forest_lined_2,
          infiniplex_forest_end_3, infiniplex_forest_lined_corner,
          infiniplex_forest_clump_curved, hellmonk_ecumenical_altar_lost_god,
          kennysheep_cross_bottleneck, chequers_serial_rivers_small_b,
          lemuel_old_faithful, uniq_grinder, uniq_ijyb
D:4:      layout_rooms, pdpol_temple_overflow_zin_treasury_gozag_greed,
          mainiacjoe_overflow_24_doors, grunt_decor_resistance, st_stairs_4,
          kennysheep_generic_room_5, uniq_robin, uniq_duvessa

Skill      XL: |  1  2  3  4  5 |
---------------+----------------+-----
Crossbows      | 5 7 |  7.5
Fighting       | 3 |  3.0
Dodging        | 3 4 |  4.0
Stealth        | |  1.3

Action                   |  1- 3 |  4- 6 || total
-------------------------+-------+-------++-------
Melee: Short sword       |    73 |    91 ||   164
       Punch             |     1 |       ||     1
       Falchion          |       |    26 ||    26
 Fire: Hand crossbow     |    10 |    40 ||    50
 Stab: Sleeping          |     3 |    18 ||    21
Armor: Leather armour    |    26 |    26 ||    52
       Skin              |       |     4 ||     4
Dodge: Dodged            |    81 |   117 ||   198
